 Dungeon Crawl Stone Soup version 0.14-a0-586-g2535b90 (webtiles) character file.

228 PolkaDot the Shooter (level 4, -2/29 HPs)
             Began as a High Elf Hunter on Nov 4, 2013.
             Killed from afar by an orc wizard (4 damage)
             ... with a magic dart
             ... on Level 3 of the Dungeon.
             The game lasted 00:10:05 (2985 turns).

PolkaDot the Shooter (High Elf Hunter)              Turns: 2985, Time: 00:10:05

HP  -2/29        AC  4     Str 11      XL: 4   Next: 86%
MP   6/6         EV 12     Int 15      God:
Gold 100         SH  0     Dex 16      Spells:  0 memorised,  3 levels left

Res.Fire  : . . .   See Invis. : .   a - +1,+0 elf short sword
Res.Cold  : . . .   Warding    : .   d - +0 elf leather armour
Life Prot.: . . .   Conserve   : .   (no shield)
Res.Poison: .       Res.Corr.  : .   (no helmet)
Res.Elec. : .       Clarity    : .   y - +0 cloak
Sust.Abil.: . .     Spirit.Shd : .   (no gloves)
Res.Mut.  : .       Stasis     : .   (no boots)
Res.Rott. : .       Flight     : .   (no amulet)
Saprovore : . . .                    (no ring)
                                     (no ring)

@: very slightly contaminated, slowed, very slow, slightly resistant to hostile
enchantments, unstealthy
A: no striking features
a: no special abilities


You were on level 3 of the Dungeon.
You were not hungry.

You visited 1 branch of the dungeon, and saw 3 of its levels.

You collected 100 gold pieces.

Inventory:

Hand weapons
 a - a +1,+0 elven short sword (weapon)
 b - a +1,+1 elven bow
Missiles
 c - 47 arrows
Armour
 d - a +0 elven leather armour (worn)
 y - a +0 cloak (worn)
Magical devices
 j - a wand of confusion (5)
Comestibles
 f - 3 bread rations
 g - 2 apples
 o - a meat ration
 q - 6 grapes
 u - 2 chokos
 z - 4 chunks of orc flesh
 B - a beef jerky
 C - a chunk of giant gecko flesh
 D - 3 chunks of orc flesh
 E - a chunk of bat flesh
Scrolls
 e - a scroll of blinking
 i - 5 scrolls of identify {unknown}
 k - 2 scrolls of remove curse {unknown}
 l - a scroll of enchant armour {unknown}
 m - a scroll of curse armour {unknown}
 n - a scroll of noise {unknown}
 p - 3 scrolls of teleportation {unknown}
 t - a scroll of magic mapping {unknown}
 v - a scroll of enchant weapon I {unknown}
 A - a scroll of amnesia {unknown}


   Skills:
 - Level 1.0 Fighting
 - Level 4.6 Short Blades
 - Level 5.3 Bows
 * Level 1.5 Armour
 + Level 2.6 Dodging
 - Level 1.1 Stealth


You had 3 spell levels left.
You didn't know any spells.

Dungeon Overview and Level Annotations

Branches:
Dungeon (3/27)

Altars:
Ashenzari
Kikubaaqudgha
Nemelex Xobeh
Sif Muna
Vehumet
Xom
Zin


Message History

The orc hits you with an orcish flail.
* * * LOW HITPOINT WARNING * * *
Read which item? (? for menu, Esc to quit)
As you read the scroll labeled TIGUMPY FUBUCZY, it crumbles to dust.
Blink to where?
Press: ? - help, Dir - move target cursor You are very lightly contaminated with residual magic.
It was a scroll of blinking.
The orc wizard casts a spell.
The orc wizard blinks!
The orc wizard casts a spell at you. The magic dart hits you!
* * * LOW HITPOINT WARNING * * *
The orc wizard casts a spell.
The orc wizard blinks!
The orc wizard casts a spell.
The orc wizard blinks!
The orc wizard gestures at you while chanting.
The magic dart hits you!
You die...

##.#...≈≈≈≈...#
#..##.≈≈≈≈≈≈..# ########
#..##..≈≈≈≈≈..# #......#
#..#...≈≈≈≈...#####..)...##
#....⌠.[.≈≈...............###
#..........%#.#....(##....##.
##......##%......_...#.##.##.
#........%..........#.##.##.
####.######@..........##....
#.##....#._..⌠.._..%.....
#....##.#.........#######
####.##......)...##
####......_...#
###.#.#§.o...#
###.....#......#
#.......#......#
#.#.#..o.......#


You could see an orc wizard and an orc.

Vanquished Creatures
  Crazy Yiuf (D:2)
  Jessica (D:2)
  2 adders
  8 orcs (D:3)
  8 bats
  A giant cockroach (D:3)
  6 hobgoblins
  3 jackals (D:1)
  4 kobolds
  A quokka (D:2)
  4 giant geckos
  5 giant newts
  6 goblins (D:1)
  3 rats
53 creatures vanquished.

Notes
Turn   | Place    | Note
--------------------------------------------------------------
     0 | D:1      | PolkaDot, the High Elf Hunter, began the quest for the Orb.
     0 | D:1      | Reached XP level 1. HP: 14/14 MP: 1/1
   108 | D:1      | Reached skill level 1 in Short Blades
   533 | D:1      | Reached XP level 2. HP: 13/19 MP: 2/2
   801 | D:1      | Found a shattered altar of Ashenzari.
  1792 | D:2      | Reached XP level 3. HP: 13/24 MP: 4/4
  1913 | D:2      | Noticed Jessica
  1914 | D:2      | Found a sparkling altar of Nemelex Xobeh.
  1929 | D:2      | Killed Jessica
  2139 | D:2      | Noticed Crazy Yiuf
  2159 | D:2      | Killed Crazy Yiuf
  2159 | D:2      | Reached XP level 4. HP: 29/29 MP: 6/6
  2540 | D:3      | Reached skill level 1 in Armour
  2811 | D:3      | Found a glowing silver altar of Zin.
  2835 | D:3      | Found a shimmering altar of Xom.
  2837 | D:3      | Found a radiant altar of Vehumet.
  2838 | D:3      | Found a deep blue altar of Sif Muna.
  2930 | D:3      | Found an ancient bone altar of Kikubaaqudgha.
  2982 | D:3      | HP: 1/29 [orc wizard/magic dart (7)]
  2985 | D:3      | Killed from afar by an orc wizard

Action                   |  1- 3 |  4- 6 || total
-------------------------+-------+-------++-------
Melee: Short sword       |   130 |   111 ||   241
  Use: Potion            |     1 |     7 ||     8
       Scroll            |       |     1 ||     1
 Stab: Sleeping          |     2 |       ||     2
       Invisible         |     2 |     1 ||     3
